 Dungeon Crawl Stone Soup version 0.16-a0-4088-g7c8221e (webtiles) character file.

33 Grim the Ducker (level 3, 0/25 HPs)
             Began as a Felid Berserker on Feb 23, 2015.
             Was a Believer of Trog.
             Slain by Terence
             ... wielding a +1 mace of protection
              (3 damage)
             ... on level 2 of the Dungeon.
             The game lasted 00:03:26 (1985 turns).

Grim the Ducker (Felid Berserker)                   Turns: 1985, Time: 00:03:26

Health: 0/25       AC:  1    Str: 19    XL:     3   Next: 12%
Magic:  5/5        EV: 19    Int:  8    God:    Trog [**....]
Gold:   51         SH:  0    Dex: 15    Spells: 0 memorised, 2 levels left
                                        Lives:  0   Deaths: 0

rFire  . . .     SeeInvis +       - Unarmed
rCold  . . .     Clarity  .     (armour unavailable)
rNeg   . . .     SustAb   .     (shield unavailable)
rPois  .         Gourm    .     (helmet unavailable)
rElec  .         Spirit   .     (cloak unavailable)
rCorr  .         Warding  .     (gloves unavailable)
rMut   .         Stasis   .     (boots unavailable)
MR     .....                    (no amulet)
Stlth  ..........               (no ring)
                                (no ring)

@: berserking, very quick, not resistant to hostile enchantments, extremely
unstealthy
A: paw claws, no armour, no weapons or thrown items, fangs 3, see invisible,
carnivore 3, speed 1, shaggy fur 1, slow metabolism 1, sharp paws
a: Burn Spellbooks, Berserk, Trog's Hand, Renounce Religion


You were on level 2 of the Dungeon.
You worshipped Trog.
Trog was pleased with you.
You were not hungry.

You visited 1 branch of the dungeon, and saw 2 of its levels.

You collected 51 gold pieces.

Inventory:

Scrolls
 a - a scroll of fear {unknown}
 b - a scroll of noise {unknown}
 d - 2 scrolls of identify {unknown}
 f - a scroll of remove curse {unknown}
 h - a scroll of amnesia {unknown}
Potions
 e - 2 potions of heal wounds {unknown}
 g - a potion of agility {unknown}
Comestibles
 c - 3 meat rations


   Skills:
 - Level 3.0 Fighting
 + Level 4.6 Dodging
 + Level 2.2 Stealth
 * Level 3.4 Unarmed Combat


You had 2 spell levels left.
You didn't know any spells.

Dungeon Overview and Level Annotations

Branches:
Dungeon (2/15)

Altars:

Annotations:
D:2 Terence


Innate Abilities, Weirdness & Mutations

You cannot wear armour.
You are incapable of wielding weapons or throwing items.
You have razor-sharp teeth.
You have supernaturally acute eyesight.
You are carnivorous and can eat meat at any time.
You cover ground quickly.
You are covered in fur (AC +1).
You have a slow metabolism.
Your paws have sharp claws that are effective at stabbing.


Message History

* * * LOW HITPOINT WARNING * * *
You are too injured to fight recklessly!
You are too injured to fight recklessly!
You are too injured to fight recklessly!
Use which ability? (? or * to list)
A red film seems to cover your vision as you go berserk!
You feel yourself moving faster!
You feel mighty!
You feel somewhat more hungry. Terence closely misses you.
You are too berserk!
You feel a strong urge to attack something.
Terence hits you with a mace of protection.
* * * LOW HITPOINT WARNING * * *
You are too injured to fight recklessly!
You are too injured to fight recklessly!
You scratch Terence but do no damage.
Terence is severely wounded.
You scratch Terence but do no damage.
Terence is almost dead.
Terence hits you with a mace of protection.
You die...

#.. .... .... # #..# #.
##..## ### ##.# #.... ..#
##...##...# #.#
.........@###..## #.#
#....$.@........#####.##
##.###.#####..#.........
#.# ###..#..####..# #.#
#....#.........
#.###.##.##.####...
#.##......#.## #...
###.###.##......#..###...
...................#......
........##.......###.###.


You could see Terence (bleeding).

Vanquished Creatures
  An adder (D:2)
  A giant gecko (D:1)
  4 bats
  A giant cockroach (D:1)
  4 goblins (D:1)
  2 hobgoblins (D:1)
  6 kobolds
  A ball python (D:1)
  2 giant newts
  5 rats (D:1)
27 creatures vanquished.

Notes
Turn   | Place    | Note
--------------------------------------------------------------
     0 | D:1      | Grim, the Felid Berserker, began the quest for the Orb.
     0 | D:1      | Reached XP level 1. HP: 10/10 MP: 2/2
   205 | D:1      | Reached skill level 1 in Stealth
   271 | D:1      | Reached XP level 2. HP: 14/14 MP: 3/3
  1560 | D:1      | Acquired Trog's second power
  1743 | D:2      | Reached XP level 3. HP: 17/17 MP: 5/5
  1970 | D:2      | Noticed Terence
  1985 | D:2      | Slain by Terence

Action                   || total
-------------------------++-------
Melee: Unarmed           ||    78
Invok: Berserk           ||     1
 Stab: Sleeping          ||     3
  Eat: Chunk             ||     1
